 Dungeon Crawl Stone Soup version 0.30-a0-802-gb92711bcdf (webtiles) character file.

Game seed: 15599900823060488506

1313 cforsyth the Covert (level 8, 0/50 (51) HPs)
             Began as a Kobold Brigand on Feb 25, 2023.
             Was an Initiate of Hepliaklqana.
             Slain by a hobgoblin
             ... wielding a +0 spear
              (4 damage)
             ... on level 7 of the Dungeon.
             The game lasted 00:09:55 (8115 turns).

cforsyth the Covert (Kobold Brigand)                Turns: 8115, Time: 00:09:56

HP:   0/50 (51)     AC:  4    Str:  8    XL:     8   Next: 89%
MP:   8/8           EV: 18    Int: 13    God:    Hepliaklqana [......]
Gold: 262           SH:  0    Dex: 18    Spells: 7/7 levels left

rFire   + . .      SeeInvis .    p - +2 dagger (drain)
rCold   + . .      Faith    .    (no shield)
rNeg    . . .      Spirit   .    b - +0 robe
rPois   +          Reflect  .    (no helmet)
rElec   +          Harm     .    c - +1 cloak
rCorr   +          Rampage  .    (no gloves)
Will    .....                    (no boots)
Stlth   +++++                    (no amulet)
HPRegen 0.28/turn                (no ring)
MPRegen 0.11/turn                (no ring)

@: mighty, brilliant, resistant, hasted, lightly drained, very quick
A: small, no large weapons, nightstalker 3
a: Renounce Religion


You were on level 7 of the Dungeon.
You worshipped Hepliaklqana.
Hepliaklqana was noncommittal.
You visited 2 branches of the dungeon, and saw 8 of its levels.

You collected 346 gold pieces.
You spent 84 gold pieces at shops.

Inventory:

Hand Weapons
 a - a +2 dagger
 p - a +2 dagger of draining (weapon)
Missiles
 d - 23 poisoned darts (quivered)
 e - 3 curare-tipped darts
Armour
 b - a +0 robe (worn)
 c - a +1 cloak (worn)
Jewellery
 o - a ring of fire
 v - a ring of see invisible
 z - a +6 ring of strength
Wands
 u - a wand of flame (30)
 w - a wand of polymorph (14)
 x - a wand of light (6)
Scrolls
 g - 3 scrolls of vulnerability
 i - 4 scrolls of identify
 s - 2 scrolls of teleportation
 y - a scroll of noise
Potions
 f - 2 potions of attraction
 h - a potion of curing
 k - a potion of might
 q - 2 potions of flight


   Skills:
 + Level 5.9 Fighting
 + Level 7.1 Short Blades
 - Level 2.1 Throwing
 + Level 6.1 Dodging
 + Level 9.0 Stealth


You had 7 spell levels left.
You didn't know any spells.
Your spell library contained the following spells:

 Spells                   Type           Power      Damage    Failure   Level
 Necrotise                Necr           0%         1d4       30%         1
 Inner Flame              Hex/Fire       0%         N/A       67%         3
 Vampiric Draining        Necr           0%         2d6       67%         3
 Flame Wave               Conj/Fire      0%         2d4       97%         4
 Sticky Flame             Conj/Fire      0%         2d3       97%         4
 Agony                    Necr           0%         N/A       100%        5


Dungeon Overview and Level Annotations

Branches:
Dungeon (7/15)             Temple (1/1) D:5

Altars:
Fedhas
Gozag
Hepliaklqana
Kikubaaqudgha
Wu Jian
Yredelemnul

Shops:
D:2 [   D:3 !   D:5 (*

Annotations:
D:6 Dowan


Innate Abilities, Weirdness & Mutations

You are small and have problems with some larger weapons.
You are completely attuned to the shadows.


Message History

You hear the slow hiss of an avalanche of sand.
You closely miss the wight.
The wight is lightly damaged.
The wight barely misses you.
You hit the wight.
The wight is lightly damaged.
The wight hits you with a +0 great sword!!
* * * LOW HITPOINT WARNING * * *
You hit the wight.
The wight is moderately damaged.
You hit the wight but do no damage.
The wight is moderately damaged.
It was a potion of resistance.
You feel protected. The hobgoblin completely misses you.
It was a potion of brilliance.
You feel clever all of a sudden. The hobgoblin barely misses you.
It was a potion of haste.
You feel yourself speed up. The wight misses you.
The hobgoblin barely misses you.
It was a potion of magic.
Magic courses through your body. The wight misses you.
It was a potion of might.
You feel very mighty all of a sudden.
The hobgoblin hits you from afar with a +0 spear.
* * * LOW HITPOINT WARNING * * *
You hit the wight.
The wight is heavily damaged.
The wight misses you.
You puncture the wight!
You destroy the wight!
The hobgoblin hits you from afar with a +0 spear.
* * * LOW HITPOINT WARNING * * *
Your Stealth skill increases to level 9!
The wight hits you with a +0 hand axe.
* * * LOW HITPOINT WARNING * * *
You feel drained.
* * * LOW HITPOINT WARNING * * *
The hobgoblin hits you with a +0 spear.
You die...

......#..##.).##....#
#.#
......#.#####.##.####.#
~~~≈.###.# #.# #......#
##≈~.# ### ## ########
#≈~.### .'≈≈...# #+#+#
.'~~.#.# +...+ .'≈~...#
#...### .#≈~...#
+...@z# #≈~.z## #+#'#g#
≈≈~..# #.#g#
...z.########z#
.###g....gz...#
############


You could see 2 wights and 2 hobgoblins.

Vanquished Creatures
  2 sky beasts
  An orc warrior (D:7)
  2 black bears
  2 ogres
  A kobold brigand (D:6)
  A scorpion (D:3)
  A wight (D:7)
  2 jellies
  3 hounds
  A gnoll bouda (D:5)
  An iguana (D:5)
  Robin (D:3)
  7 gnolls (D:5)
  5 adders
  A shadow imp (D:5)
  A white imp (D:5)
  An ufetubus (D:4)
  3 worms
  A dart slug (D:2)
  12 orcs
  7 ball pythons
  4 bats
  13 endoplasms
  A giant cockroach (D:3)
  11 goblins
  17 hobgoblins
  3 jackals (D:3)
  28 kobolds
  2 quokkas
  9 frilled lizards
  An orc skeleton (D:7)
  9 rats
154 creatures vanquished.

Vanquished Creatures (others)
  3 plants (D:4)
  6 toadstools (D:4)
9 creatures vanquished.

Grand Total: 163 creatures vanquished

Notes
Turn   | Place    | Note
-------+----------+-------------------------------------------
     0 | D:1      | cforsyth the Kobold Brigand began the quest for the Orb.
     0 | D:1      | Reached XP level 1. HP: 12/12 MP: 1/1
   116 | D:1      | Reached XP level 2. HP: 18/18 MP: 2/2
   699 | D:1      | Reached XP level 3. HP: 22/22 MP: 3/3
  1276 | D:2      | Reached XP level 4. HP: 27/27 MP: 4/4
  1428 | D:2      | Reached skill level 6 in Stealth
  1585 | D:2      | Found Gycukeos's Antique Armour Shoppe.
  2073 | D:3      | Noticed a scorpion
  2083 | D:3      | Killed a scorpion
  2084 | D:3      | Reached XP level 5. HP: 31/32 MP: 5/5
  2940 | D:3      | Noticed Robin
  3332 | D:3      | Killed Robin
  3344 | D:3      | Reached XP level 6. HP: 27/37 MP: 6/6
  3415 | D:3      | Found Ytousato's Distillery.
  3896 | D:3      | Found a basalt altar of Yredelemnul.
  3958 | D:4      | Found an ancient bone altar of Kikubaaqudgha.
  4348 | D:4      | Noticed a black bear
  4358 | D:4      | Killed a black bear
  4443 | D:4      | Reached skill level 7 in Stealth
  4649 | D:4      | Reached skill level 5 in Short Blades
  4649 | D:4      | Reached XP level 7. HP: 13/43 MP: 7/7
  5020 | D:4      | Found a blossoming altar of Fedhas.
  5393 | D:5      | Entered Level 5 of the Dungeon
  5521 | D:5      | Found a staircase to the Ecumenical Temple.
  5563 | D:5      | Found Focy's Weapon Shoppe.
  5645 | Temple   | Entered the Ecumenical Temple
  5709 | D:6      | Noticed Duvessa
  5719 | D:6      | Noticed Dowan
  5727 | D:6      | Noticed Duvessa
  6047 | D:5      | Found a hazy altar of Hepliaklqana.
  6096 | D:5      | Found Plog's Assorted Antiques.
  6117 | D:5      | Reached XP level 8. HP: 22/48 MP: 8/8
  6286 | D:5      | Bought a glowing sapphire potion for 26 gold pieces
  6286 | D:5      | Bought a scroll labelled PUECRO ZUXTYP for 29 gold pieces
  6286 | D:5      | Bought a scroll labelled JEGEPA JOLAPAI for 29 gold pieces
  6529 | D:5      | Became a worshipper of Hepliaklqana the Forgotten
  6583 | D:5      | Reached skill level 5 in Fighting
  6583 | D:5      | Reached skill level 5 in Dodging
  6583 | D:5      | Reached skill level 8 in Stealth
  7058 | D:6      | Killed Duvessa the worm
  7154 | D:6      | Found an opulent altar of Gozag.
  7505 | D:6      | HP: 1/49 [ogre/+0 giant spiked club (23)]
  8000 | D:7      | Noticed a wyvern
  8004 | D:7      | a wyvern changed into a fire bat
  8004 | D:7      | Noticed a fire bat
  8005 | D:7      | a fire bat changed into a wyvern
  8005 | D:7      | Noticed a wyvern
  8006 | D:7      | a wyvern changed into a sky beast
  8115 | D:7      | Reached skill level 9 in Stealth
  8115 | D:7      | Slain by a hobgoblin

Illustrated notes

Levels and vault maps discovered:
D:1:      tekkud_arrival_beachfront_property, layout_basic, minmay_tetromino_t4
D:2:      minmay_skewed_foursquare, layout_loops_ring, serial_shops, shop
D:3:      cheibrodos_helix_gallery, layout_loops_corners,
          mainiacjoe_overflow_brackets, serial_shops, shop, uniq_robin
D:4:      cheibrodos_fertilizer, layout_layer_cave,
          grunt_temple_overflow_growth_and_decay
D:5:      layout_loops_corners, mainiacjoe_overflow_cross_hatched,
          minmay_temple_entry_from_below_a, nicolae_wooded_promenade,
          chequers_serial_rivers_room_b
D:6:      layout_loops_ring, mainiacjoe_overflow_boulevard,
          nicolae_ashenzari_skybound, serial_shops, shop,
          roderic_cross_of_infinity, nrook_uturn, uniq_duvessa
D:7:      layout_loops_cross, chequers_temple_overflow_statue_of_worship,
          overflow_temple_1_default, enter_bailey_4,
          nicolae_ossuary_entry_catacombs
Temple:   ebering_the_one_and_only

Skill      XL: |  1  2  3  4  5  6  7  8 |
---------------+-------------------------+-----
Short Blades   | 3 4 5 7 |  7.1
Dodging        | 2 3 4 6 |  6.1
Stealth        | 6 7 9 |  9.0
Fighting       | 3 4 5 |  5.9
Throwing       | |  2.1

Action                     |  1- 3 |  4- 6 |  7- 9 || total
---------------------------+-------+-------+-------++-------
  Melee: Dagger            |    65 |   205 |   194 ||   464
         Punch             |     1 |       |     5 ||     6
         Unarmed           |       |       |     3 ||     3
  Evoke: Wand              |       |       |     3 ||     3
    Use: Potion            |       |     1 |     5 ||     6
         Scroll            |       |       |     9 ||     9
   Stab: Sleeping          |    18 |    27 |    11 ||    56
         Distracted        |       |     1 |     3 ||     4
 Armour: Robe              |    13 |    37 |    10 ||    60
         Skin              |       |       |     1 ||     1
  Dodge: Dodged            |    37 |   128 |   163 ||   328

Table legend: (Time is in decaauts)
 A = Elapsed time spent in this place.
 B = Non-inter-level travel time spent in this place.
 C = Inter-level travel time spent in this place.
 D = Time resting spent in this place.
 E = Time spent auto-exploring this place.
 F = Levels seen in this place.
 G = Mean time per level.
                   A        B        C        D        E       F      G
               +--------+--------+--------+--------+--------+-----+--------+
         Total |   8007 |   7734 |    273 |   1396 |   5110 |   8 | 1000.9 |
       Dungeon |   8001 |   7728 |    273 |   1396 |   5110 |   7 | 1143.0 |
        Temple |      5 |      5 |      0 |      0 |      0 |   1 |    5.0 |
               +--------+--------+--------+--------+--------+-----+--------+

Top non-repeatable levels by time:
     D:5: 1956 daAuts
     D:4: 1770 daAuts
     D:3: 1433 daAuts
     D:1: 1147 daAuts
     D:2: 994 daAuts
     D:6: 537 daAuts
     D:7: 160 daAuts
  Temple: 5 daAuts
